 Dungeon Crawl Stone Soup version 0.25-a0-21-ga5a8db46c7 (webtiles) character file.

Game seed: 1972019771253646346, levelgen mode: deterministic

2268 Mort the Nimble (level 9, -9/52 HPs)
             Began as a Kobold Transmuter on Oct 16, 2019.
             Mangled by Harold
             ... wielding a +2 dire flail of holy wrath
              (16 damage)
             ... on level 7 of the Dungeon.
             The game lasted 00:24:43 (8856 turns).

Mort the Nimble (Kobold Transmuter)                 Turns: 8856, Time: 00:24:43

Health: -9/52      AC:  2    Str:  9    XL:     9   Next: 65%
Magic:  9/12       EV: 31    Int: 17    God:
Gold:   243        SH:  0    Dex: 21    Spells: 6/12 levels left

rFire    . . .     SeeInvis .     - Unarmed
rCold    . . .     Gourm    .   (shield currently unavailable)
rNeg     + . .     Faith    .   (armour currently unavailable)
rPois    x         Spirit   .   (helmet currently unavailable)
rElec    .         Reflect  .   (cloak currently unavailable)
rCorr    .         Harm     .   (gloves currently unavailable)
MR       .....                  (boots currently unavailable)
Stlth    ++........             (no amulet)
HPRegen  0.17/turn              s - ring of positive energy
MPRegen  0.13/turn              y - +2 ring of strength

@: spider-form (expiring), marked, very slightly contaminated
A: tiny, carnivore
a: End Transformation


You were on level 7 of the Dungeon.
You were very full.
You were a venomous arachnid creature.
You visited 1 branch of the dungeon, and saw 7 of its levels.

You collected 243 gold pieces.

Inventory:

Missiles
 a - 121 arrows
 j - 236 stones
 x - 4 curare-tipped darts (quivered)
Armour
 c - a +0 leather armour (melded)
 n - a +0 ring mail
 w - a +0 pair of boots (melded)
 E - a +0 pair of gloves (melded)
Jewellery
 s - a ring of positive energy (left front leg)
 u - an uncursed ring of see invisible
 y - a +2 ring of strength (right front leg)
Scrolls
 b - 2 scrolls of enchant weapon {unknown}
 e - 3 scrolls of teleportation
 g - a scroll of fog
 l - a scroll of torment {unknown}
 m - 5 scrolls of magic mapping
 p - 4 scrolls of remove curse
 r - a scroll of blinking {unknown}
 v - 2 scrolls of noise {unknown}
 z - a scroll of acquirement {unknown}
 A - 4 scrolls of identify
 B - a scroll of holy word {unknown}
 C - a scroll of immolation {unknown}
Potions
 f - 2 potions of brilliance
 h - a potion of might
 i - a potion of lignification {unknown}
 k - a potion of curing
 o - a potion of cancellation
 q - a potion of agility {unknown}
 t - a potion of haste {unknown}
Comestibles
 d - 11 rations
 D - 2 chunks of flesh


   Skills:
 - Level 4.3 Fighting
 - Level 10.0 Dodging
 + Level 6.3 Unarmed Combat
 - Level 2.1 Spellcasting
 - Level 6.3 Transmutations


You had 6 spell levels left.
You knew the following spells:

 Your Spells              Type           Power        Failure   Level  Hunger
a - Beastly Appendage     Tmut           ###...       6%          1    #......
b - Sticks to Snakes      Tmut           ###.....     8%          2    ###....
c - Spider Form           Tmut/Pois      ##........   34%         3    ###....

Your spell library contained the following spells:

 Spells                   Type           Power        Failure   Level  Hunger
 Corona                   Hex            #......      38%         1    #......
 Shock                    Conj/Air       #...         38%         1    #......
 Ensorcelled Hibernation  Hex/Ice        #.....       50%         2    ###....
 Swiftness                Chrm/Air       #.......     50%         2    ###....
 Blade Hands              Tmut           ###.......   58%         5    ######.
 Ice Form                 Ice/Tmut       ##......     67%         4    #####..
 Confuse                  Hex            #.......     71%         3    ###....
 Dazzling Spray           Conj/Hex       #.....       71%         3    ###....
 Static Discharge         Conj/Air       #.......     71%         3    ###....
 Tukima's Dance           Hex            #.......     71%         3    ###....
 Airstrike                Air            #.........   96%         4    #####..
 Lightning Bolt           Conj/Air       #.........   100%        5    ######.


Dungeon Overview and Level Annotations

Branches:
Dungeon (7/15)
 Temple: D:4-7

Altars:
Gozag
Makhleb
Nemelex Xobeh
Vehumet

Annotations:
D:7 Harold


Innate Abilities, Weirdness & Mutations

You are small and have problems with some larger weapons.
You are carnivorous and can eat meat at any time.


Message History

The mark upon you grows brighter.
Harold hits you with a +2 dire flail of holy wrath!
* * * LOW HITPOINT WARNING * * *
The orc hits you with a +0 mace.
* * * LOW HITPOINT WARNING * * *
You can move again.
Unknown command.
You feel better.
Harold hits you with a +2 dire flail of holy wrath!
* * * LOW HITPOINT WARNING * * *
The orc misses you.
You bite the orc!
The orc is poisoned.
The orc is almost dead.
You hit the orc.
You kill the orc!
Harold zaps a wand.
You resist with some effort.
You hit Harold but do no damage.
Harold looks as sick as possible!
Harold is severely wounded.
Harold hits you with a +2 dire flail of holy wrath!
You die...

#.(..........#
#............#
#............# ###
#............# #..
#........%..^# #.#
#............# #. #..
###...).)......# #.# #..
.......@s......# #.# #..
########.(####+#+##.#.#..
##(###.....#.#.#..
#.(##.....#.#....
##........#.###.#
#..............#
#.....#'#..#####
#.....#.#.......
#.....#.#..#.###


You could see Harold.

Vanquished Creatures
  A centaur warrior (D:5)
  An ice beast (D:5)
  A phantom (D:4)
  4 ogres
  A centaur (D:5)
  4 bullfrogs (D:6)
  A scorpion (D:5)
  3 crimson imps
  A jelly (D:5)
  A bullfrog skeleton (D:2)
  3 hounds (D:5)
  6 worker ants
  2 orc wizards (D:6)
  A killer bee zombie (D:5)
  8 adders
  2 oozes
  6 worms
  A dart slug (D:5)
  3 leopard geckos
  14 orcs
  5 bats
  6 giant cockroaches
  9 goblins
  4 hobgoblins
  5 jackals
  2 quokkas
  2 ball pythons (D:3)
  4 frilled lizards
  6 kobolds
  A leopard gecko zombie (D:5)
  10 rats
118 creatures vanquished.

Vanquished Creatures (collateral kills)
  A water moccasin (D:6)
  A centaur zombie (D:5)
  Terence (D:3)
  An adder (D:2)
  A jackal (D:5)
  A frilled lizard (D:2)
  A rat (D:2)
7 creatures vanquished.

Grand Total: 125 creatures vanquished

Notes
Turn   | Place    | Note
-------+----------+-------------------------------------------
     0 | D:1      | Mort the Kobold Transmuter began the quest for the Orb.
     0 | D:1      | Reached XP level 1. HP: 12/12 MP: 3/3
   247 | D:1      | Reached XP level 2. HP: 15/16 MP: 5/5
   251 | D:1      | Learned a level 2 spell: Sticks to Snakes
   725 | D:2      | Reached XP level 3. HP: 17/21 MP: 6/6
   878 | D:2      | Found a sparkling altar of Nemelex Xobeh.
  2236 | D:2      | Reached XP level 4. HP: 26/27 MP: 4/7
  2785 | D:2      | Reached XP level 5. HP: 26/32 MP: 5/8
  3223 | D:3      | Noticed Terence
  3248 | D:3      | Killed Terence
  3494 | D:3      | Found a burning altar of Makhleb.
  3780 | D:3      | Reached skill level 5 in Unarmed Combat
  4686 | D:4      | Noticed an ogre
  5101 | D:4      | Reached XP level 6. HP: 30/38 MP: 9/9
  5167 | D:4      | Learned a level 3 spell: Spider Form
  5279 | D:4      | Killed an ogre
  5290 | D:4      | Noticed a phantom
  5338 | D:4      | Killed a phantom
  5338 | D:4      | Reached XP level 7. HP: 17/43 MP: 2/10
  5523 | D:4      | You fall into a shaft and drop 2 floors!
  5700 | D:5      | Entered Level 5 of the Dungeon
  5728 | D:6      | Reached skill level 5 in Transmutations
  5747 | D:5      | Noticed a water moccasin
  5785 | D:6      | Killed a water moccasin
  6465 | D:5      | Reached XP level 8. HP: 23/48 MP: 9/11
  6761 | D:5      | Reached skill level 3 in Dodging
  7025 | D:5      | Noticed a centaur warrior
  7037 | D:5      | Killed a centaur warrior
  7037 | D:5      | Reached skill level 8 in Dodging
  7037 | D:5      | Reached XP level 9. HP: 8/52 MP: 8/12
  7587 | D:5      | Found an opulent altar of Gozag.
  7606 | D:5      | Found a radiant altar of Vehumet.
  7649 | D:5      | Reached skill level 9 in Dodging
  7999 | D:6      | Reached skill level 10 in Dodging
  8830 | D:7      | Noticed Harold
  8847 | D:7      | Paralysed by Harold for 5 turns
  8856 | D:7      | Mangled by Harold

Levels and vault maps discovered:
D:1:      ebering_trefoil_3fold, layout_rooms, serial_glass, glass_columns_a,
          glass_columns_a, grunt_decor_fettered
D:2:      layout_basic, nemelex_altar_shiori
D:3:      layout_basic, bloody_makhleb, first_ration, uniq_terence
D:4:      layout_basic, dk_noncrumbling_4
D:5:      cheibrodos_barr_body, layout_basic, grunt_temple_overflow_open,
          minivault_19, minivault_25
D:6:      layout_cave_pods
D:7:      cheibrodos_shockbox, layout_basic, minmay_temple_entry_junction_2,
          uniq_harold

Skill      XL: |  1  2  3  4  5  6  7  8  9 |
---------------+----------------------------+-----
Fighting       | 2 3 4 |  4.3
Unarmed Combat | 4 5 6 |  6.3
Transmutations | 4 6 |  6.3
Dodging        | 8 10 | 10.0
Spellcasting   | |  2.1

Action                   |  1- 3 |  4- 6 |  7- 9 || total
-------------------------+-------+-------+-------++-------
Melee: Unarmed           |   132 |   184 |   261 ||   577
       Headbutt          |     3 |     2 |    12 ||    17
       Punch             |     2 |     4 |       ||     6
       Kick              |     3 |     5 |       ||     8
Throw: Stone             |     6 |     1 |       ||     7
       Dart              |       |     3 |     9 ||    12
 Cast: Beastly Appendage |    17 |     5 |    10 ||    32
       Sticks to Snakes  |     6 |    16 |     3 ||    25
       Spider Form       |       |       |    24 ||    24
  Use: Potion            |       |     2 |     3 ||     5
       Scroll            |       |       |     7 ||     7
 Stab: Distracted        |     1 |     1 |       ||     2
       Sleeping          |       |       |     1 ||     1
  Eat: Chunk             |    10 |    12 |    18 ||    40
Armor: Robe              |     2 |       |       ||     2
       Leather armour    |     9 |     1 |    13 ||    23
       Ring mail         |       |    36 |     3 ||    39
       Skin              |       |       |     8 ||     8
Dodge: Dodged            |    83 |    89 |   229 ||   401

Table legend:
 A = Non-vault XP
 B = Vault XP
 C = Vault XP percentage of total XP
 D = Non-vault monster count
 E = Vault monster count
 F = Vault count percentage of total count
                 A         B        C        D         E       F
            +---------+---------+-------+---------+---------+-------
      Total |    1950 |    1290 |  39.8 |     114 |      11 |   8.8
            +---------+---------+-------+---------+---------+-------
        D:1 |      27 |       0 |   0.0 |      16 |       0 |   0.0
        D:2 |     121 |       0 |   0.0 |      26 |       0 |   0.0
        D:3 |      98 |      22 |  18.3 |      20 |       1 |   4.8
        D:4 |     290 |       0 |   0.0 |       5 |       0 |   0.0
        D:5 |     600 |    1268 |  67.9 |      23 |      10 |  30.3
        D:6 |     811 |       0 |   0.0 |      23 |       0 |   0.0
        D:7 |       3 |       0 |   0.0 |       1 |       0 |   0.0
            +---------+---------+-------+---------+---------+-------
